Map: Lightshade LE

Players

Nice

  • Race: Protoss Protoss
  • Spawn Location: 11:00

TYTY (TY) - Winner!

  • Race: Terran Terran
  • League: Grandmaster
  • Spawn Location: 5:00

Event: DreamHack SC2 Masters 2020 Winter

VOD

Have the link to the VOD?

Description

Time

  • Played on: Nov. 13, 2020, 8:14 a.m.
  • Length: 11:02

All games in this series

Show
View Real Time Build Order
Export as new Build Order

Nice Protoss 

Build Orders: 1 Gate Expand, Oracle Opening 

Get SALT Encoding   

  12  0:00  Probe  
  13  0:12  Probe  
  14  0:19  Pylon  
  14  0:24  Probe  
  15  0:38  Probe (Chrono Boost)  
  15  0:40  Gateway  
  17  0:50  Probe (Chrono Boost)  
  17  0:52  Assimilator  
  17  0:56  Probe (Chrono Boost)  
  18  1:04  Probe  
  19  1:16  Probe  
  20  1:29  Cybernetics Core  
  21  1:38  Nexus  
  20  1:45  Pylon  
  21  1:54  Assimilator, Probe  
  21  2:02  Adept (Chrono Boost)  
  21  2:08  Shield Battery  
  23  2:10  Probe  
  24  2:22  Adept (Chrono Boost), Probe  
  26  2:32  Stargate  
  26  2:34  Probe  
  27  2:45  Adept  
  27  2:46  Probe  
  30  3:00  Probe x2  
  32  3:11  Warp Gate  
  32  3:13  Probe x2  
  32  3:14  Oracle (Chrono Boost)  
  37  3:25  Probe x2  
  37  3:26  Shield Battery  
  35  3:41  Oracle (Chrono Boost)  
  35  3:42  Probe x2  
  40  3:54  Probe  
  42  3:59  Gateway  
  42  4:00  Gateway  
  42  4:01  Probe  
  42  4:02  Pylon  
  42  4:06  Probe  
  43  4:10  Phoenix (Chrono Boost)  
  43  4:13  Probe  
  46  4:20  Probe  
  47  4:25  Probe  
  48  4:32  Probe  
  49  4:39  Phoenix (Chrono Boost)  
  49  4:40  Probe  
  49  4:44  Probe  
  52  4:58  Adept  
  54  5:01  Pylon  
  54  5:09  Phoenix (Chrono Boost)  
  54  5:11  Pylon  
  54  5:19  Stalker, Probe  
  54  5:20  Stalker x2, Shield Battery  
  59  5:23  Probe  
  60  5:29  Gateway  
  60  5:30  Phoenix (Chrono Boost)  
  60  5:31  Probe  
  60  5:35  Probe  
  64  5:37  Assimilator  
  64  5:39  Assimilator  
  64  5:43  Probe  
  65  5:54  Probe  
  65  5:55  Probe  
  64  5:58  Phoenix (Chrono Boost)  
  66  6:04  Nexus  
  66  6:06  Probe  
  66  6:07  Adept  
  66  6:09  Pylon  
  66  6:10  Pylon  
  69  6:14  Probe  
  70  6:27  Phoenix, Probe  
  70  6:28  Adept x4  
  81  6:36  Pylon  
  81  6:40  Shield Battery  
  77  6:50  Stalker x4  
  72  6:57  Phoenix (Chrono Boost)  
  70  7:04  Probe  
  69  7:11  Probe  
  69  7:14  Adept x4  
  78  7:16  Probe  
  78  7:18  Forge, Probe  
  80  7:26  Twilight Council  
  80  7:28  Phoenix (Chrono Boost)  
  68  7:45  Adept  
  68  7:50  Protoss Ground Armor Level 1 (Chrono Boost)  
  68  7:52  Gateway x2  
  68  7:53  Gateway  
  68  7:57  Gateway  
  68  7:58  Phoenix (Chrono Boost)  
  68  8:04  Zealot x2  
  74  8:06  Zealot  
  74  8:08  Zealot  
  78  8:21  Phoenix (Chrono Boost), Pylon  
  78  8:23  Templar Archives  
  80  8:27  Zealot x2  
  80  8:32  Charge (Chrono Boost)  
  84  8:38  Phoenix  
  86  8:42  Probe x3  
  86  8:45  Pylon  
  86  8:47  Assimilator  
  89  8:50  Assimilator  
  89  8:51  Robotics Facility  
  89  8:52  Zealot x3  
  89  8:54  Probe  
  96  8:56  Probe  
  96  8:57  Probe  
  98  9:03  Phoenix  
  100  9:10  Pylon  
  100  9:12  Zealot x3, Sentry  
  100  9:13  Psionic Storm  
  108  9:28  Phoenix  
  110  9:32  Gateway  
  110  9:34  Pylon  
  110  9:35  Pylon  
  110  9:38  Warp Prism  
  110  9:41  High Templar x2  
  114  9:55  Nexus  
  114  9:58  High Templar  
  116  10:04  Shield Battery  
  116  10:05  High Templar  
  118  10:07  Probe x2  
  118  10:08  Probe  
  121  10:18  Zealot x5  
  94  10:43  Zealot x8  
Show
View Real Time Build Order
Export as new Build Order

TYTY Terran - Winner!

Build Orders:  

Get SALT Encoding   

  12  0:00  SCV  
  13  0:12  SCV  
  14  0:16  Supply Depot  
  14  0:24  SCV  
  14  0:28  Refinery  
  15  0:38  SCV  
  16  0:45  Barracks  
  16  0:50  SCV  
  17  1:02  SCV  
  18  1:14  SCV  
  20  1:33  Reaper  
  20  1:34  Orbital Command  
  20  1:52  Command Center  
  20  1:59  Factory  
  20  2:00  SCV  
  21  2:08  Barracks Reactor  
  21  2:11  Supply Depot  
  21  2:15  SCV  
  22  2:27  SCV  
  23  2:39  SCV  
  23  2:42  Hellion  
  26  2:44  Marine x2  
  26  2:50  Supply Depot  
  26  2:51  SCV  
  29  2:52  Starport  
  29  3:02  Marine x2  
  30  3:09  SCV  
  30  3:12  Widow Mine  
  32  3:21  SCV  
  32  3:22  Marine x2  
  35  3:31  Medivac  
  35  3:33  SCV  
  38  3:37  Refinery  
  38  3:40  Marine, Factory Tech Lab  
  39  3:46  Marine  
  39  3:47  SCV  
  40  3:52  Orbital Command  
  40  3:58  Marine  
  40  3:59  SCV  
  40  4:02  Widow Mine  
  44  4:09  Viking  
  46  4:11  SCV  
  46  4:13  Marine  
  48  4:18  SCV  
  48  4:23  SCV  
  50  4:27  Supply Depot  
  50  4:30  SCV  
  49  4:35  SCV  
  49  4:36  Siege Tank  
  53  4:40  Marine  
  54  4:48  Marine, SCV x2  
  54  4:52  Viking  
  58  4:58  Marine  
  57  5:00  SCV x2  
  57  5:06  Marine  
  60  5:08  Supply Depot  
  62  5:14  Cyclone  
  62  5:15  SCV  
  62  5:21  Supply Depot  
  62  5:24  Command Center  
  62  5:25  Supply Depot  
  62  5:29  Marine x2, Viking  
  62  5:30  SCV x2  
  62  5:33  Supply Depot  
  68  5:42  SCV  
  69  5:43  SCV  
  69  5:46  Siege Tank  
  73  5:54  Marine x2  
  73  5:56  SCV x2  
  77  5:57  Barracks x2  
  77  6:02  Starport Tech Lab  
  77  6:07  Refinery  
  77  6:08  SCV  
  77  6:09  SCV, Refinery  
  79  6:11  Marine x2  
  82  6:18  Siege Tank  
  82  6:21  SCV x2  
  84  6:31  Marine x2  
  86  6:33  SCV x2, Barracks  
  86  6:34  Barracks  
  86  6:36  Orbital Command  
  87  6:45  SCV x2  
  87  6:46  Marine  
  87  6:49  Marine x2  
  81  6:55  Siege Tank  
  81  6:57  SCV x2  
  77  7:07  Barracks Tech Lab, Marine x2  
  71  7:11  Stimpack  
  71  7:15  Starport Reactor, Engineering Bay x2  
  69  7:17  Marauder  
  69  7:21  SCV x3  
  73  7:25  Marine, Barracks Reactor  
  73  7:27  Siege Tank  
  73  7:28  Marine x2  
  76  7:38  Marine x2  
  76  7:43  Marine  
  73  7:46  Marine, Terran Infantry Weapons Level 1  
  76  7:55  Missile Turret  
  76  7:56  Marine x2, Terran Infantry Armor Level 1  
  76  7:58  Starport Reactor  
  76  8:00  Marine  
  76  8:02  Missile Turret  
  76  8:03  Marine x2  
  76  8:04  Marine  
  79  8:05  Orbital Command  
  79  8:06  Combat Shield  
  79  8:14  Marine x2  
  79  8:16  Marauder x2  
  79  8:18  SCV x2  
  79  8:19  Marine  
  85  8:21  Marine  
  85  8:22  Missile Turret  
  85  8:24  Siege Tank  
  90  8:30  Marine x2  
  90  8:31  Marine  
  93  8:34  Marine  
  93  8:40  Supply Depot  
  92  8:43  Medivac x2  
  92  8:45  Marine  
  98  8:50  Marauder x2  
  98  8:51  Marine x2  
  98  8:55  Supply Depot  
  100  9:05  Widow Mine x2, Missile Turret  
  100  9:06  Marine x2  
  100  9:08  Marauder  
  108  9:11  Marauder  
  108  9:14  Medivac  
  108  9:15  Medivac  
  116  9:17  Marine  
  116  9:19  Marine  
  116  9:24  Marauder  
  117  9:27  Missile Turret  
  117  9:31  Supply Depot  
  117  9:32  Marine  
  117  9:35  Concussive Shells, Supply Depot, Marine  
  117  9:36  Widow Mine x2, Supply Depot  
  122  9:39  Marauder, Marine  
  122  9:45  Marine  
  125  9:49  Ghost Academy  
  125  9:53  Marine, Marauder  
  125  9:55  Marine  
  125  9:58  SCV x3  
  134  10:04  Marauder, Marine x2  
  136  10:07  Supply Depot  
  136  10:09  Armory  
  136  10:10  SCV x3  
  139  10:16  Marine x2  
  139  10:17  Marine  
  139  10:18  Marauder  
  139  10:20  Medivac  
  146  10:27  Widow Mine  
  148  10:29  Widow Mine, Marauder  
  148  10:31  Supply Depot x2  
  148  10:35  Marauder  
  154  10:41  Marine x3  
  154  10:42  SCV x2  
Tags
 
Add a new tag
Caveats
  • Supply blocks, unpowered buildings, or Contaminate may cause inaccurate times.
  • Supply counts are checked every 10 seconds.